 Dungeon Crawl Stone Soup version 0.32-a0-599-gba8f9cf90e (webtiles) character file.

Game seed: 3754457442851481455

149 PriceMaster the Apothecary (level 5, 0/25 HPs)
             Began as a Spriggan Alchemist on Mar 3, 2024.
             Was an Initiate of Gozag.
             Succumbed to poison
             ... on level 3 of the Dungeon.
             The game lasted 00:05:19 (2908 turns).

PriceMaster the Apothecary (Spriggan Alchemist)     Turns: 2908, Time: 00:05:19

Health: 0/25       AC:  2    Str:  6    XL:     5   Next: 9%
Magic:  2/12       EV: 18    Int: 17    God:    Gozag
Gold:   194        SH:  0    Dex: 15    Spells: 4/12 levels left

rFire   . . .        f - +0 shortbow
rCold   . . .        (shield currently unavailable)
rNeg    . . .        a - +0 robe
rPois   .            (helmet restricted)
rElec   .            (no cloak)
rCorr   .            (gloves unavailable)
SInv    +            (boots unavailable)
Will    .....        (no amulet)
Stlth   ++           (no ring)
HPRegen 0.24/turn    (no ring)
MPRegen 0.13/turn

%: no passive effects
@: lethally poisoned (0 -> -15), attractive, very slightly contaminated, very
quick
A: very small, no large weapons, unfitting armour, see invisible, speed 3
a: Renounce Religion, Potion Petition, Call Merchant, Bribe Branch


You were on level 3 of the Dungeon.
You worshipped Gozag.
Gozag was aware of your devotion.
You visited 1 branch of the dungeon, and saw 3 of its levels.

You collected 258 gold pieces.
You paid 64 gold pieces to Gozag.

Inventory:

Hand Weapons
 c - a +0 dagger
 f - a +0 shortbow (weapon)
Armour
 a - a +0 robe (worn)
Scrolls
 k - a scroll of vulnerability {unknown}
Potions
 b - 2 potions of magic
 e - a potion of might {unknown}
 g - a potion of enlightenment {unknown}
 h - a potion of haste {unknown}
 i - a potion of cancellation {unknown}
 j - a potion of degeneration {unknown}


   Skills:
 * Level 0.7 Fighting
 + Level 0.4 Short Blades
 * Level 3.4 Dodging
 * Level 3.6 Stealth
 + Level 0.2 Unarmed Combat
 * Level 4.1 Spellcasting
 + Level 1.1 Conjurations
 + Level 4.5 Alchemy


You had 4 spell levels left.
You knew the following spells:

 Your Spells              Type           Power      Damage    Failure   Level
a - Sting                 Conj/Alch      52%        1d6       4%          1
b - Mephitic Cloud        Conj/Alch/Air  9%         N/A       22%         3
c - Sticky Flame          Fire/Alch      11%        2d5       52%         4

Your spell library contained the following spells:

 Spells                   Type           Power      Damage    Failure   Level
 Magic Dart               Conj           28%        1d4       10%         1
 Mercury Vapours          Alch/Air       22%        N/A       10%         2
 Blink                    Tloc           6%         N/A       24%         2
 Call Imp                 Summ           6%         N/A       24%         2
 Olgreb's Toxic Radiance  Alch           19%        N/A       24%         4


Dungeon Overview and Level Annotations

Branches:
Dungeon (3/15)

Altars:
Gozag

Shops:
D:3 (

Annotations:
D:3 Dittersdorf's ghost, amateur GrFi


Innate Abilities, Weirdness & Mutations

You are very small and have problems with some larger weapons.
You are too small for most types of armour.
You have supernaturally acute eyesight. (SInv)
You cover ground extremely quickly. (Speed+++)


Message History

The sting hits Dittersdorf's ghost but does no damage.
Casting: Sting (safe; 4% risk of failure)
Confirm with . or Enter, or press ? or * to list all spells.
Aiming: Sting (safe; 4% risk of failure)
Press: ? - help, Shift-Dir - straight line, f/p - Dittersdorf's ghost
Aim: Dittersdorf's ghost (75% to hit)
The sting misses Dittersdorf's ghost.
Casting: Sting (safe; 4% risk of failure)
Confirm with . or Enter, or press ? or * to list all spells.
You don't know that spell.
Okay, then.
Press: ? - help, v - describe, . - travel The floor.
Casting: Sting (safe; 4% risk of failure)
Confirm with . or Enter, or press ? or * to list all spells.
Aiming: Sticky Flame (astonishingly dangerous; 52% risk of failure)
Press: ? - help, Shift-Dir - straight line, f/p - Dittersdorf's ghost
Aim: Dittersdorf's ghost (unstickable)
The sticky flame hits Dittersdorf's ghost but does no damage.
Dittersdorf's ghost hits you!
Unknown command.
Casting: Sticky Flame (astonishingly dangerous; 52% risk of failure)
Confirm with . or Enter, or press ? or * to list all spells.
Aiming: Sticky Flame (astonishingly dangerous; 52% risk of failure)
Press: ? - help, Shift-Dir - straight line, f/p - Dittersdorf's ghost
Aim: Dittersdorf's ghost (unstickable)
You miscast Sticky Flame.
You are very lightly contaminated with residual magic.
You are engulfed in toxic fumes.
You are lethally poisoned!
You feel extremely sick. Dittersdorf's ghost closely misses you.
You feel very sick.
* * * LOW HITPOINT WARNING * * *
You feel very sick.
* * * LOW HITPOINT WARNING * * *
You feel sick.
It was a potion of attraction.
You feel attractive to monsters.
You die...
Your body crumbles into a pile of gold.

# #.#.###.####..####
#.#................#
..........####..##.#
#.##...#..# #..##.#
#.........####..##.#
####.............#.#
#.####......W.#.#
####.# #...####.#.#
.....# #...#. #@#.#
##.#.# ##..' #...#
##.#.# #..####...#
##.#.# #.........#
##...# +.......#.#
####.# ##..#)##.#.#
# #.# +...#.(#...# #
#.# #...#..#...# #
#.####...#[.#...#


You could see Dittersdorf's ghost.

Vanquished Creatures
  A centaur (D:3)
  2 adders (D:2)
  5 dart slugs
  A ribbon worm (D:2)
  4 orcs (D:3)
  A ball python (D:2)
  3 endoplasms (D:2)
  3 giant cockroaches (D:2)
  3 goblins
  4 hobgoblins
  A quokka (D:3)
  2 bats (D:1)
  6 frilled lizards
  2 kobolds
  3 rats
41 creatures vanquished.

Notes
Turn   | Place    | Note
-------+----------+-------------------------------------------
     0 | D:1      | PriceMaster the Spriggan Alchemist began the quest for the
                  | Orb.
     0 | D:1      | Reached XP level 1. HP: 9/9 MP: 5/5
   258 | D:1      | Found a faded altar of an unknown god.
   823 | D:2      | Reached XP level 2. HP: 13/13 MP: 2/6
  1395 | D:2      | Reached XP level 3. HP: 13/16 MP: 1/8
  1473 | D:2      | Learned a level 3 spell: Mephitic Cloud
  2201 | D:3      | Found a runed translucent gate.
  2202 | D:3      | Found a runed translucent gate.
  2203 | D:3      | Found a runed translucent gate.
  2204 | D:3      | Found an opulent altar of Gozag.
  2205 | D:3      | Noticed a centaur
  2206 | D:3      | Noticed Dittersdorf's ghost (amateur GrFi)
  2239 | D:3      | Killed a centaur
  2240 | D:3      | Reached skill level 1 in Conjurations
  2240 | D:3      | Reached XP level 4. HP: 18/21 MP: 3/11
  2306 | D:3      | Reached XP level 5. HP: 25/25 MP: 0/12
  2592 | D:3      | Became a worshipper of Gozag Ym Sagoz the Greedy
  2749 | D:3      | Found Muere's Weapon Shoppe.
  2803 | D:3      | Learned a level 4 spell: Sticky Flame
  2908 | D:3      | Succumbed to poison

Illustrated notes

Levels and vault maps discovered:
D:1:      dpeg_arrival_lava_temple_mockup, layout_loops_ring,
          shapermc_ecumenical_altar_pompeii, nrook_mini_vaults,
          chequers_serial_rivers_micro_a, serial_bayou_lagoon_a
D:2:      layout_basic, minmay_fountain_box, nicolae_elevator_lobby_asterisk
D:3:      corexii_shack_village, layout_loops_ring, serial_shops,
          nicolae_shop_advertising_works [nicolae_subvault_shop_adworks],
          ebering_ghost_gozag

Skill      XL: |  1  2  3 |
---------------+----------+-----
Dodging        | 3 |  3.4
Alchemy        | 4 |  4.5
Spellcasting   | 4 |  4.1
Conjurations   | 1 |  1.1
Fighting       | |  0.7
Short Blades   | |  0.4
Stealth        | |  3.6
Unarmed Combat | |  0.2

Action                     |  1- 3 |  4- 6 || total
---------------------------+-------+-------++-------
  Melee: Unarmed           |    14 |       ||    14
         Dagger            |    18 |     1 ||    19
   Fire: Shortbow          |       |    38 ||    38
   Cast: Sting             |    57 |    17 ||    74
         Mephitic Cloud    |     1 |       ||     1
         Sticky Flame      |       |     1 ||     1
    Use: Potion            |     1 |     1 ||     2
         Scroll            |     4 |     1 ||     5
 Armour: Robe              |    20 |     3 ||    23
  Dodge: Dodged            |    42 |    15 ||    57

Table legend: (Time is in decaauts)
 A = Elapsed time spent in this place.
 B = Non-inter-level travel time spent in this place.
 C = Inter-level travel time spent in this place.
 D = Time resting spent in this place.
 E = Time spent auto-exploring this place.
 F = Levels seen in this place.
 G = Mean time per level.
                   A        B        C        D        E       F      G
               +--------+--------+--------+--------+--------+-----+--------+
         Total |   2185 |   2134 |     51 |    533 |   1176 |   3 |  728.3 |
       Dungeon |   2185 |   2134 |     51 |    533 |   1176 |   3 |  728.3 |
               +--------+--------+--------+--------+--------+-----+--------+

Top non-repeatable levels by time:
     D:2: 1027 daAuts
     D:3: 641 daAuts
     D:1: 517 daAuts
